 Dungeon Crawl Stone Soup version 0.19-a0-1587-gaef70b6 (webtiles) character file.

2987 Charly the Destroyer (level 9, -6/57 HPs)
             Began as a Mummy Fire Elementalist on Sept 16, 2016.
             Was a Follower of Sif Muna.
             Mangled by an unseen horror (8 damage)
             ... on level 10 of the Dungeon.
             The game lasted 01:02:01 (3654 turns).

Charly the Destroyer (Mummy Fire Elementalist)      Turns: 3654, Time: 01:02:01

Health: -6/57      AC:  8    Str: 11    XL:     9   Next: 53%
Magic:  8/18       EV: 11    Int: 18    God:    Sif Muna [*.....]
Gold:   378        SH:  0    Dex: 12    Spells: 4 memorised, 8 levels left

rFire  . . .     SeeInvis .     b - +0 halberd
rCold  + . .     Gourm    .     g - +2 leather armour {MR+}
rNeg   + + +     Faith    .     (shield currently unavailable)
rPois  ∞         Spirit   .     l - +0 helmet
rElec  .         Dismiss  .     d - +0 cloak
rCorr  .         Reflect  .     f - +0 pair of gloves
MR     ++...     Harm     .     (no boots)
Stlth  +.........               (no amulet)
                                (no ring)
                                k - ring of protection from fire

@: very slightly contaminated
A: no food or potions, fire vulnerability, cold resistance 1, negative energy
resistance 3, torment resistance, unbreathing
a: Divine Energy, Renounce Religion


You were on level 10 of the Dungeon.
You worshipped Sif Muna.
Sif Muna was aware of your devotion.
You were not hungry.

You visited 2 branches of the dungeon, and saw 11 of its levels.

You collected 378 gold pieces.

Inventory:

Hand Weapons
 a - a +1 dagger of venom
 b - a +0 halberd (weapon)
 m - a +0 blowgun
Armour
 d - a +0 cloak (worn)
 f - a +0 pair of gloves (worn)
 g - a +2 leather armour of magic resistance (worn)
 l - a +0 helmet (worn)
Jewellery
 k - a ring of protection from fire (left hand)
Wands
 j - a wand of paralysis (10/24)
Scrolls
 c - a scroll of enchant armour
 e - 3 scrolls of remove curse
 n - a scroll of magic mapping
 o - 2 scrolls of teleportation
 p - a scroll of identify


   Skills:
 - Level 1.5 Dodging
 - Level 1.5 Stealth
 + Level 6.6 Spellcasting
 * Level 8.7 Conjurations
 + Level 4.7 Fire Magic


You had 8 spell levels left.
You knew the following spells:

 Your Spells              Type           Power        Failure   Level  Hunger
c - Conjure Flame         Conj/Fire      ####....     3%          3    N/A
f - Flame Tongue          Conj/Fire      ####.        1%          1    N/A
s - Sticky Flame          Conj/Fire      ####....     12%         4    N/A
B - Fireball              Conj/Fire      ####......   30%         5    N/A

Dungeon Overview and Level Annotations

Branches:
Dungeon (10/15)            Temple (1/1) D:4
   Lair: D:8-11         Orc: D:9-12

Altars:
Ashenzari
Dithmenos
Elyvilon
Fedhas
Gozag
Makhleb
Nemelex Xobeh
Okawaru
Qazlal
Ru
Sif Muna
Trog
Uskayaw
Vehumet
Xom

Shops:
D:5 %   D:7 :

Annotations:
D:3 exclusion: 2 downstairs
D:4 Dowan
D:6 Conn321's ghost, amateur DEFE
D:9 exclusion: 2 downstairs, Charly's ghost, novice DEFE


Innate Abilities, Weirdness & Mutations

You do not eat or drink.
Your flesh is vulnerable to fire.
You are immune to poison.
Your flesh is cold resistant. (rC+)
You are immune to negative energy. (rN+++)
You are immune to unholy pain and torment.
You can survive without breathing.


Message History

Drop what? 16/52 slots (_ for help) (? for menu, Esc to quit)
You drop a book of Flames.
You drop a helmet.
Something hits you.
* * * LOW HITPOINT WARNING * * *
Something hits you!
* * * LOW HITPOINT WARNING * * *
Drop what? 14/52 slots (_ for help) (? for menu, Esc to quit)
Okay, then.
Evoke which item? (* to show all) (? for menu, Esc to quit)
Zapping:
j - a wand of paralysis (12/24)
Press: ? - help, Shift-Dir - straight line Nothing appears to happen.
This wand has 11 charges left.
Something hits you but does no damage.
Evoke which item? (* to show all) (? for menu, Esc to quit)
Zapping:
j - a wand of paralysis (11/24)
Press: ? - help, Shift-Dir - straight line Nothing appears to happen.
This wand has 10 charges left.
Something hits you.
* * * LOW HITPOINT WARNING * * *
Something hits you!
You die...

## .. ######## .# #......#
.# # ##########......#
.##.## #.{@............#
..... ......########......#
###..# ##### ###(#### .)..#
#####.## .#### #......#
.####################......#
.{.........................#
.####################......#
.# ########


There were no monsters in sight!

Vanquished Creatures
  An unseen horror (D:10)
  Pikel (D:4)
  Grinder (D:4)
  Duvessa (D:4)
  A phantom (D:8)
  A slave (D:4)
  An orc warrior (D:6)
  A centaur (D:8)
  An ogre (D:10)
  A big kobold (D:7)
  A bullfrog (D:6)
  2 scorpions
  2 killer bees (D:10)
  5 wights (D:7)
  2 howler monkeys (D:7)
  2 crimson imps (D:7)
  2 hounds
  3 jellies
  A bullfrog skeleton (D:4)
  3 orc priests
  An iguana (D:9)
  7 orc wizards
  2 worker ants
  A worker ant zombie (D:5)
  Robin (D:3)
  5 adders
  2 oozes
  An adder skeleton (D:8)
  2 dart slugs
  2 leopard geckos
  21 orcs
  2 ball pythons
  7 bats
  3 giant cockroaches
  12 goblins
  6 hobgoblins
  6 jackals
  2 quokkas
  2 frilled lizards (D:3)
  A jackal zombie (D:3)
  11 kobolds
  A leopard gecko zombie (D:9)
  7 rats
138 creatures vanquished.

Vanquished Creatures (others)
  A slave (D:4)
  A jackal (D:4)
2 creatures vanquished.

Grand Total: 140 creatures vanquished

Notes
Turn   | Place    | Note
-------+----------+-------------------------------------------
     0 | D:1      | Charly the Mummy Fire Elementalist began the quest for the Orb.
     0 | D:1      | Reached XP level 1. HP: 13/13 MP: 3/3
    14 | D:1      | Reached skill level 1 in Conjurations
   222 | D:1      | Reached XP level 2. HP: 19/19 MP: 1/5
   556 | D:3      | Reached skill level 2 in Conjurations
   634 | D:3      | Reached XP level 3. HP: 20/24 MP: 1/6
   639 | D:3      | Learned a level 3 spell: Conjure Flame
   975 | D:3      | Reached XP level 4. HP: 26/30 MP: 0/8
   981 | D:3      | Learned a level 4 spell: Sticky Flame
  1002 | D:3      | Noticed Robin
  1189 | D:3      | Killed Robin
  1189 | D:3      | Reached skill level 3 in Conjurations
  1241 | D:4      | Noticed Dowan
  1242 | D:4      | Noticed Duvessa
  1307 | D:4      | Reached XP level 5. HP: 26/35 MP: 2/9
  1346 | D:4      | Noticed Grinder
  1450 | D:4      | Paralysed by Grinder for 3 turns
  1470 | D:5      | Entered Level 5 of the Dungeon
  1582 | D:4      | Killed Grinder
  1582 | D:4      | Reached skill level 4 in Conjurations
  1582 | D:4      | Reached XP level 6. HP: 36/41 MP: 0/11
  1672 | D:5      | Noticed a dagger
  1672 | D:5      | Noticed a dagger
  1681 | D:5      | Found a hide-covered altar of Uskayaw.
  1773 | D:5      | Found Ydycvuymn's Food Shop.
  1863 | D:6      | Reached skill level 5 in Conjurations
  1896 | D:6      | Reached XP level 7. HP: 45/46 MP: 8/13
  1901 | D:6      | Found a shimmering altar of Xom.
  1901 | D:6      | Found a shattered altar of Ashenzari.
  2168 | D:6      | Reached skill level 6 in Conjurations
  2345 | D:7      | Reached XP level 8. HP: 52/52 MP: 0/15
  2459 | D:7      | Reached skill level 5 in Spellcasting
  2592 | D:7      | Found Huosar's Book Boutique.
  2685 | D:7      | Reached skill level 7 in Conjurations
  2737 | D:7      | Found a burning altar of Makhleb.
  2739 | D:7      | Found a stormy altar of Qazlal.
  2739 | D:7      | Found a sacrificial altar of Ru.
  2739 | D:7      | Found a shadowy altar of Dithmenos.
  2815 | D:6      | Noticed Conn321's ghost (amateur DEFE)
  2939 | D:4      | Found a staircase to the Ecumenical Temple.
  2941 | D:4      | Noticed Pikel
  2991 | D:4      | Killed Pikel
  3015 | D:4      | Killed Duvessa
  3015 | D:4      | Reached XP level 9. HP: 54/57 MP: 3/17
  3021 | Temple   | Entered the Ecumenical Temple
  3028 | Temple   | Became a worshipper of Sif Muna the Loreminder
  3035 | Temple   | Learned a level 5 spell: Fireball
  3361 | D:9      | You fall through a shaft!
  3361 | D:10     | Entered Level 10 of the Dungeon
  3378 | D:10     | Reached skill level 8 in Conjurations
  3498 | D:9      | Noticed a troll
  3498 | D:9      | Noticed Charly's ghost (novice DEFE)
  3558 | D:10     | Noticed an unseen horror
  3561 | D:10     | Killed an unseen horror
  3561 | D:10     | Reached * piety under Sif Muna
  3654 | D:10     | HP: 2/57 [something (2)]
  3654 | D:10     | Mangled by an unseen horror

Vault maps used:
D:1:      dpeg_arrival_windows_large_door, minmay_distorted
D:2:      lightli_corner_chamber
D:3:      lemuel_round_altar, uniq_robin
D:4:      uniq_grinder, uniq_pikel, uniq_duvessa
D:5:      dancing_weapons_uskayaw, first_bread, serial_shops, shop
D:6:      amethyst_overflow_temple_binary, marbit_many_paths, tgw_kikubaaqudgha
D:7:      minitemple, zin_angel, serial_shops, shop_statue
D:8:      hangedman_pestilent_swarm, minmay_crystal_water
Temple:   eino_temple_lava

Skill      XL: |  1  2  3  4  5  6  7  8  9 |
---------------+----------------------------+-----
Conjurations   | 1 2 3 4 5 6 7 8 |  8.7
Spellcasting   | 3 4 5 6 |  6.6
Fire Magic     | 4 |  4.7
Dodging        | |  1.5
Stealth        | |  1.5

Action                   |  1- 3 |  4- 6 |  7- 9 || total
-------------------------+-------+-------+-------++-------
Melee: Unarmed           |    37 |       |       ||    37
       Dagger            |       |    22 |   140 ||   162
       Halberd           |       |       |    60 ||    60
 Fire: Blowgun           |     3 |       |       ||     3
 Cast: Flame Tongue      |    74 |    83 |   100 ||   257
       Conjure Flame     |       |     2 |    18 ||    20
       Sticky Flame      |       |       |    11 ||    11
Evoke: Wand              |       |       |     8 ||     8
  Use: Scroll            |       |     8 |     4 ||    12
Armor: Robe              |    14 |     4 |       ||    18
       Leather armour    |       |     9 |    74 ||    83
Dodge: Dodged            |    43 |    33 |    92 ||   168
